 Dungeon Crawl Stone Soup version 0.32-a0-120-gfac0567ad4 (webtiles) character file.

Game seed: 7542980195144971967

3727 Bravepunisher the Demolition Spriggan (level 9, 0/50 HPs)
             Began as a Spriggan Monk on Feb 6, 2024.
             Was an Elder of Makhleb.
             Slain by a hellwing (12 damage)
             ... summoned by the player character
             ... on level 8 of the Dungeon.
             The game lasted 00:28:28 (5965 turns).

Bravepunisher the Demolition Spriggan (SpMo)        Turns: 5965, Time: 00:28:29

Health: 0/50       AC:  2    Str:  7    XL:     9   Next: 92%
Magic:  17/17      EV: 26    Int: 17    God:    Makhleb [****..]
Gold:   103        SH:  0    Dex: 26    Spells: 8/8 levels left

rFire   . . .        x - +8 dagger "Uthidocs" {pain, Int+6 Dex+4}
rCold   . . .        C - orb {mayhem}
rNeg    . . .        b - +0 robe
rPois   .            (helmet restricted)
rElec   .            (no cloak)
rCorr   .            (gloves unavailable)
SInv    +            (boots unavailable)
Will    +....        (no amulet)
Stlth   ++           f - +4 ring of slaying
HPRegen 0.28/turn    (no ring)
MPRegen 0.15/turn

%: mayhem
@: very quick
A: very small, no large weapons, unfitting armour, see invisible, speed 3
a: Renounce Religion, Minor Destruction, Lesser Servant of Makhleb, Major
Destruction


You were on level 8 of the Dungeon.
You worshipped Makhleb.
Makhleb was greatly pleased with you.
You visited 2 branches of the dungeon, and saw 9 of its levels.

You collected 337 gold pieces.
You spent 234 gold pieces at shops.

Inventory:

Hand Weapons
 a - the +9 broad axe of Strategic Superiority {flame, +Blink Int+3}
   (You bought it in a shop on level 1 of the Dungeon)

   Int+3:     It affects your intelligence (+3).
   +Blink:    It lets you blink.
 x - the +8 dagger "Uthidocs" (weapon) {pain, Int+6 Dex+4}
   (You found it on level 5 of the Dungeon)

   Int+6:     It affects your intelligence (+6).
   Dex+4:     It affects your dexterity (+4).
Armour
 b - a +0 robe (worn)
 C - an orb of mayhem (worn)
Jewellery
 f - a +4 ring of slaying (left hand)
 B - a ring of positive energy
Wands
 g - a wand of flame (65)
 y - a wand of quicksilver (7)
Scrolls
 d - 7 scrolls of identify
 e - 2 scrolls of fog {unknown}
 i - 2 scrolls of poison {unknown}
 j - a scroll of noise {unknown}
 l - a scroll of teleportation {unknown}
 o - 3 scrolls of blinking
 r - a scroll of revelation {unknown}
 v - a scroll of enchant weapon {unknown}
 A - a scroll of immolation {unknown}
Potions
 c - a potion of ambrosia
 h - 3 potions of curing
 k - a potion of enlightenment {unknown}
 m - a potion of resistance {unknown}
 n - a potion of berserk rage {unknown}
 p - a potion of invisibility {unknown}
 q - a potion of magic {unknown}
 s - a potion of cancellation {unknown}
 t - 2 potions of degeneration {unknown}
 u - 2 potions of brilliance {unknown}
 w - a potion of lignification {unknown}
 z - a potion of might {unknown}


   Skills:
 + Level 7.2 Fighting
 - Level 3.2 Short Blades
 - Level 8.5 Dodging
 * Level 10.2 Invocations


You had 8 spell levels left.
You didn't know any spells.
Your spell library contained the following spells:

 Spells                   Type           Power      Damage    Failure   Level
 Apportation              Tloc           0%         N/A       24%         1
 Necrotise                Necr           0%         1d4       24%         1
 Shock                    Conj/Air       0%         1d3       24%         1
 Sting                    Conj/Alch      0%         1d3       24%         1
 Summon Small Mammal      Summ           0%         N/A       24%         1
 Sublimation of Blood     Necr           0%         N/A       34%         2
 Call Canine Familiar     Summ           0%         N/A       56%         3
 Ozocubu's Armour         Ice            0%         N/A       56%         3
 Swiftness                Air            0%         N/A       56%         3
 Airstrike                Air            0%         2d(0-16)  93%         4
 Animate Dead             Necr           0%         N/A       93%         4
 Petrify                  Alch/Erth      0%         N/A       93%         4
 Summon Blazeheart Golem  Fire/Summ      0%         N/A       93%         4
 Irradiate                Conj/Alch      0%         3d11      100%        5
 Metabolic Englaciation   Hex/Ice        0%         N/A       100%        5
 Sculpt Simulacrum        Ice/Alch       0%         N/A       100%        6
 Haunt                    Necr/Summ      0%         N/A       100%        7
 Infestation              Necr           0%         N/A       100%        8


Dungeon Overview and Level Annotations

Branches:
Dungeon (8/15)             Temple (1/1) D:5
   Lair: D:8-11

Altars:
Ashenzari
Cheibriados
Dithmenos
Elyvilon
Fedhas
Kikubaaqudgha
Makhleb
Nemelex Xobeh
Qazlal
Sif Muna
Trog
Uskayaw
Vehumet
Wu Jian
Xom
Zin
The Shining One

Shops:
D:1 (   D:3 ?

Annotations:
D:5 exclusion: statue


Innate Abilities, Weirdness & Mutations

You are very small and have problems with some larger weapons.
You are too small for most types of armour.
You have supernaturally acute eyesight. (SInv)
You cover ground extremely quickly. (Speed+++)


Message History

Your hellwing closely misses the orc wizard. x2
You puncture the orc wizard!
You kill the orc wizard!
Makhleb accepts your kill.
The orc wizard flies into a frenzy!
The orc wizard points at you and mumbles some strange words.
The puff of flame misses you.
Your hellwing hits the orc wizard. x2
The orc wizard shouts!
You puncture the orc wizard!
You kill the orc wizard!
Makhleb accepts your kill.
The hellwing flies into a frenzy!
The hellwing hits you. The hellwing hits you!
* * * LOW HITPOINT WARNING * * *
The orc wizard hits you with a +0 dagger.
* * * LOW HITPOINT WARNING * * *
The orc wizard shouts!
You hit the orc wizard.
The orc wizard is lightly wounded.
The hellwing completely misses you. The hellwing hits you.
* * * LOW HITPOINT WARNING * * *
The orc wizard completely misses you.
The hellwing misses the orc wizard.
The hellwing barely misses the orc wizard.
Okay, then.
You feel better.
The orc wizard hits the orc wizard with a +0 dagger.
The hellwing completely misses you. The hellwing closely misses you.
The orc wizard completely misses you.
The orc wizard hits the orc wizard with a +0 dagger.
You closely miss the orc wizard.
The orc wizard is severely wounded.
The hellwing completely misses you. The hellwing misses you.
The orc wizard hits the orc wizard with a +0 dagger.
The orc wizard casts a spell at you. The magic dart hits you.
* * * LOW HITPOINT WARNING * * *
You puncture the orc wizard!
You kill the orc wizard!
Makhleb accepts your kill.
You feel better. The hellwing closely misses you. The hellwing hits you!
You die...

# #. . #. .#
#.#######.#
##....#...
........#####
####....<)).#..
##.))......)....#
#4@....).###.....
#.))..........##..
#..o........... .
.............####
#.............#
#.............#
#.###....$...## #.
#........#


You could see a neutral hellwing (summoned, fast, strong, frenzied) and a
neutral orc wizard (fast, strong, frenzied).

Vanquished Creatures
  Pikel (D:7)
  Jeremiah (D:7)
  Prince Ribbit (D:7)
  2 water moccasins
  An orc warrior (D:8)
  2 black bears
  A sky beast (D:6)
  A centaur (D:8)
  An ogre (D:6)
  A phantom (D:5)
  A kobold brigand (D:7)
  2 bullfrogs
  2 necrophages (D:5)
  4 scorpions
  A water moccasin skeleton (D:5)
  7 wights
  A howler monkey (D:7)
  4 crimson imps (D:4)
  A bombardier beetle (D:3)
  A hound (D:6)
  3 orc priests
  A jelly (D:5)
  2 scorpion zombies
  5 iguanas
  2 sleepcaps
  4 orc wizards
  A centaur simulacrum (D:5)
  2 hound skeletons (D:3)
  8 gnolls
  A howler monkey skeleton (D:3)
  6 adders
  A hound simulacrum (D:5)
  A shadow imp (D:6)
  4 ufetubi (D:5)
  An adder zombie (D:3)
  3 dart slugs
  A ribbon worm (D:2)
  9 orcs
  11 bats
  11 endoplasms
  3 giant cockroaches
  5 goblins
  5 hobgoblins
  14 kobolds
  5 quokkas
  9 ball pythons
  A ball python skeleton (D:3)
  A ball python zombie (D:3)
  2 frilled lizards (D:2)
  A quokka skeleton (D:3)
  3 rats
162 creatures vanquished.

Vanquished Creatures (collateral kills)
  A gnoll sergeant (D:7)
  An orc priest (D:8)
  An orc wizard (D:8)
  An orc (D:8)
4 creatures vanquished.

Grand Total: 166 creatures vanquished

Notes
Turn   | Place    | Note
-------+----------+-------------------------------------------
     0 | D:1      | Bravepunisher the Spriggan Monk began the quest for the
                  | Orb.
     0 | D:1      | Reached XP level 1. HP: 11/11 MP: 2/2
   115 | D:3      | Noticed a scorpion
   151 | D:3      | Found a shimmering blue altar of Sif Muna.
   180 | D:5      | Entered Level 5 of the Dungeon
   320 | D:4      | Noticed a jelly
   415 | D:4      | Reached XP level 2. HP: 16/16 MP: 3/3
   434 | D:5      | Found a radiant altar of Vehumet.
   434 | D:5      | Noticed a frost-covered statue
   514 | D:5      | Reached skill level 5 in Dodging
   514 | D:5      | Reached XP level 3. HP: 13/19 MP: 4/4
   775 | D:5      | Noticed a phantom
   778 | D:5      | Found a hide-covered altar of Uskayaw.
   869 | D:5      | Reached XP level 4. HP: 24/24 MP: 5/5
   979 | D:6      | Noticed a scorpion
   991 | D:6      | Noticed a water moccasin
  1075 | D:6      | Reached XP level 5. HP: 24/28 MP: 6/6
  1265 | D:7      | Noticed a black bear
  1269 | D:7      | Noticed a lemure
  1270 | D:7      | Noticed a lemure
  1270 | D:7      | Noticed a lemure
  1270 | D:7      | Noticed a lemure
  1271 | D:7      | Noticed Pikel
  1273 | D:7      | Noticed Jeremiah
  1337 | D:7      | Found an ornate altar of the Wu Jian Council.
  1439 | D:6      | Noticed a sky beast
  1470 | D:6      | Noticed a black bear
  1863 | D:4      | Found a shimmering altar of Xom.
  1905 | D:5      | Found a staircase to the Ecumenical Temple.
  1913 | Temple   | Entered the Ecumenical Temple
  1926 | Temple   | Became a worshipper of Makhleb the Destroyer
  1926 | Temple   | Reached * piety under Makhleb
  1926 | Temple   | Reached ** piety under Makhleb
  2008 | D:4      | Reached XP level 6. HP: 29/33 MP: 7/7
  2014 | D:4      | Reached skill level 1 in Invocations
  2066 | D:3      | Found a glowing silver altar of Zin.
  2182 | D:1      | Found Sisseh's Antique Weapon Shop.
  2286 | D:1      | You fall into a shaft and drop 1 floor!
  2634 | D:2      | Reached *** piety under Makhleb
  2934 | D:3      | Found The Oracle's Delphic Readings.
  2978 | D:3      | Reached skill level 2 in Invocations
  3013 | D:3      | Found a sparkling altar of Nemelex Xobeh.
  3099 | D:3      | Reached XP level 7. HP: 35/37 MP: 8/10
  3135 | D:3      | Reached skill level 3 in Invocations
  3898 | D:5      | Reached skill level 4 in Invocations
  3985 | D:5      | Reached skill level 5 in Invocations
  3985 | D:5      | Reached XP level 8. HP: 28/42 MP: 12/12
  4081 | D:5      | Reached skill level 5 in Fighting
  4189 | D:5      | Identified the +8 dagger "Uthidocs" {pain, Int+6 Dex+4}
  4259 | D:6      | Reached skill level 6 in Invocations
  4259 | D:6      | Reached **** piety under Makhleb
  4264 | D:6      | HP: 2/43 [poisoned by a water moccasin]
  4780 | D:6      | Reached skill level 7 in Invocations
  4943 | D:1      | Bought an ancient broad axe for 234 gold pieces
  4943 | D:1      | Identified the +9 broad axe of Strategic Superiority
                  | {flame, +Blink Int+3} (You bought it in a shop on level 1
                  | of the Dungeon)
  5127 | D:6      | Found a broken altar of Ashenzari.
  5233 | D:7      | Reached XP level 9. HP: 47/48 MP: 15/15
  5291 | D:7      | Reached skill level 8 in Invocations
  5345 | D:7      | Killed Jeremiah
  5566 | D:7      | Killed Pikel
  5567 | D:7      | Reached skill level 9 in Invocations
  5643 | D:7      | Noticed Prince Ribbit
  5651 | D:7      | Killed Prince Ribbit
  5836 | D:7      | Reached skill level 10 in Invocations
  5965 | D:8      | Slain by a hellwing

Illustrated notes

Levels and vault maps discovered:
D:1:      heliophobic_arrival_glass_houses, layout_basic, serial_shops, shop
D:2:      layout_rooms
D:3:      layout_rooms, mainiacjoe_overflow_alcove_2,
          mainiacjoe_overflow_surrounded_room,
          mainiacjoe_overflow_small_starburst, serial_undead, serial_undead_b,
          serial_undead_c, serial_undead_d, serial_undead_d, minivault_27,
          kennysheep_minor_cross, chequers_serial_rivers_large_a,
          nicolae_nh_oracle_at_delphi
D:4:      layout_basic, led_xom_imps
D:5:      layout_loops_ring, mainiacjoe_overflow_boulevard, vehumet_statue,
          minmay_temple_entry_overgrown, dilly_guarded_unrand_morg
D:6:      layout_loops_ring, nicolae_overflow_hidden_temple, solitary_fountain
D:7:      layout_cave_pools, lemuel_tele_altar, roderic_batcave,
          hangedman_decor_push, minmay_misc_feat_hallway,
          kennysheep_generic_room_8, uniq_pikel, uniq_prince_ribbit1,
          uniq_jeremiah
D:8:      layout_rooms, nicolae_gozag_seed_capital,
          nicolae_hepliaklqana_ecumenical_no_more, lair_entry_dummy
Temple:   nicolae_temple_bog_church

Skill      XL: |  1  2  3  4  5  6  7  8  9 |
---------------+----------------------------+-----
Dodging        | 5 6 7 8 |  8.5
Fighting       | 3 4 6 7 |  7.2
Invocations    | 2 5 7 10 | 10.2
Short Blades   | |  3.2

Action                     |  1- 3 |  4- 6 |  7- 9 || total
---------------------------+-------+-------+-------++-------
  Melee: Short sword       |    54 |   115 |    95 ||   264
         Punch             |     2 |     2 |     8 ||    12
         Dagger            |       |       |    72 ||    72
 Invoke: Minor Destruction |       |    94 |   174 ||   268
         Lesser Servant of |       |       |     4 ||     4
    Use: Potion            |       |     2 |     5 ||     7
         Scroll            |       |     2 |       ||     2
   Stab: Sleeping          |     2 |     3 |       ||     5
         Distracted        |       |       |     1 ||     1
 Armour: Robe              |     6 |    36 |    51 ||    93
  Dodge: Dodged            |    64 |   129 |   185 ||   378

Table legend: (Time is in decaauts)
 A = Elapsed time spent in this place.
 B = Non-inter-level travel time spent in this place.
 C = Inter-level travel time spent in this place.
 D = Time resting spent in this place.
 E = Time spent auto-exploring this place.
 F = Levels seen in this place.
 G = Mean time per level.
                   A        B        C        D        E       F      G
               +--------+--------+--------+--------+--------+-----+--------+
         Total |   4307 |   4006 |    301 |      0 |   2535 |   9 |  478.6 |
       Dungeon |   4290 |   4003 |    287 |      0 |   2535 |   8 |  536.2 |
        Temple |     17 |      3 |     14 |      0 |      0 |   1 |   17.0 |
               +--------+--------+--------+--------+--------+-----+--------+

Top non-repeatable levels by time:
     D:6: 925 daAuts
     D:5: 799 daAuts
     D:3: 722 daAuts
     D:7: 714 daAuts
     D:4: 507 daAuts
     D:2: 400 daAuts
     D:1: 194 daAuts
     D:8: 25 daAuts
  Temple: 17 daAuts
